 Dungeon Crawl Stone Soup version 0.28.0-43-g3370ac3207 (webtiles) character file.

Game seed: 7353571601792407635

133923 joakim the Fencer (level 16, -1/157 HPs)
             Began as a Minotaur Berserker on Mar 29, 2022.
             Was the Champion of Trog.
             Killed by the raging water
             ... invoked by a water nymph
              (32 damage)
             ... on level 3 of the Shoals.
             The game lasted 01:54:27 (31108 turns).

joakim the Fencer (Minotaur Berserker)             Turns: 31108, Time: 01:54:28

Health: -1/157     AC: 33    Str: 43    XL:     16   Next: 61%
Magic:  25/25      EV: 14    Int: 11    God:    Trog [******]
Gold:   1787       SH: 16    Dex: 13    Spells: 15/15 levels left

rFire   x . .      SeeInvis .   K - +10 zealot's sword {holy, *Rage rN+ EV+3}
rCold   + . .      Faith    .   a - +3 kite shield {rN+}
rNeg    + + .      Spirit   .   h - +3 plate armour {rF+}
rPois   .          Reflect  .   V - +3 hat of Pondering {ponderous, Will+ MP+10 Int+5}
rElec   .          Harm     .   J - +3 cloak of the Beggar {rF- Str+3 Dex+2}
rCorr   .          Rampage  .   b - +0 pair of gloves
Will    ++++.      Rage     20% M - +0 pair of boots
Stlth   ..........              i - amulet "Goatuc" {Regen+ Slay+3}
HPRegen 2.16/turn               P - +6 ring of strength
MPRegen 0.19/turn               H - ring of Wihaegih {Ice Str+5 Int+2 Stlth+}

@: strong-willed, on berserk cooldown, regenerating, slowed, studying Dodging,
very slow
A: horns 2, retaliatory headbutt
a: Renounce Religion, Berserk, Trog's Hand, Brothers in Arms


You were on level 3 of the Shoals.
You worshipped Trog.
Trog was exalted by your worship.
You visited 5 branches of the dungeon, and saw 27 of its levels.
You also visited: Volcano.

You collected 2529 gold pieces.
You spent 742 gold pieces at shops.

Inventory:

Hand Weapons
 w - the +9 hunting sling "Lymuekk" {freeze, rF+ rC+ MP+9}
   (You found it on level 5 of the Dungeon)

   Any ammunition fired from it freezes those it strikes, dealing additional
   cold damage.
   It can also slow down cold-blooded creatures.
   rF:        It protects you from fire.
   rC:        It protects you from cold.
   MP:        It affects your magic capacity (+9).
 K - the +10 zealot's sword (weapon) {holy, *Rage rN+ EV+3}
   (You found it on level 10 of the Dungeon)

   It has been blessed by the Shining One to cause great damage to the undead
   and demons.
   Whenever the wielder enters a berserk rage, their allies are berserked
   alongside them.
   EV:        It affects your evasion (+3).
   rN:        It protects you from negative energy.
   *Rage:     It berserks you when you make melee attacks (+20% chance).
 Q - a +6 triple sword of flaming
Missiles
 k - 3 throwing nets
Armour
 a - a +3 kite shield of positive energy (worn)
 b - a +0 pair of gloves (worn)
 h - a +3 plate armour of fire resistance (worn)
 J - the +3 cloak of the Beggar (worn) {rF- Str+3 Dex+2}
   (You found it on level 10 of the Dungeon)

   Str:       It affects your strength (+3).
   Dex:       It affects your dexterity (+2).
   rF:        It makes you vulnerable to fire.
 M - a +0 pair of boots (worn)
 V - the +3 hat of Pondering (worn) {ponderous, Will+ MP+10 Int+5}
   (You took it off Gastronok on level 1 of the Orcish Mines)

   Int:       It affects your intelligence (+5).
   MP:        It affects your magic capacity (+10).
   Will:      It increases your willpower.
Jewellery
 d - a ring of protection from cold
 e - a ring of flight
 i - the amulet "Goatuc" (around neck) {Regen+ Slay+3}
   (You acquired it on level 1 of the Lair of Beasts)

   [amulet of regeneration]

   Slay:      It affects your accuracy & damage with ranged weapons and melee
   (+3).
   Regen:     It increases your rate of health regeneration.
 n - a ring of willpower
 p - an amulet of guardian spirit
 C - a ring of ice
 D - an amulet of reflection
 H - the ring of Wihaegih (right hand) {Ice Str+5 Int+2 Stlth+}
   (You found it on level 2 of the Shoals)

   [ring of ice]

   It enhances your ice magic.
   Str:       It affects your strength (+5).
   Int:       It affects your intelligence (+2).
   rF:        It makes you vulnerable to fire.
   rC:        It protects you from cold.
   Stlth:     It makes you more stealthy.
 P - a +6 ring of strength (left hand)
 X - a ring of fire
Wands
 q - a wand of polymorph (16)
 s - a wand of flame (29) (quivered)
 t - a wand of digging (13)
 y - a wand of charming (8)
 A - a wand of acid (4)
 B - a wand of mindburst (19)
 Y - a wand of iceblast (13)
Scrolls
 f - a scroll of fog
 l - 5 scrolls of identify
 o - 4 scrolls of noise
 v - 3 scrolls of magic mapping
 E - a scroll of blinking
 N - 3 scrolls of holy word
 O - 2 scrolls of fear
 T - 2 scrolls of teleportation
 W - 2 scrolls of summoning
Potions
 c - 4 potions of mutation
 g - 4 potions of might
 j - a potion of attraction
 m - 2 potions of cancellation
 r - 5 potions of curing
 u - 4 potions of resistance
 x - a potion of ambrosia
 z - 5 potions of haste
 F - a potion of lignification
 L - a potion of magic
 S - a potion of flight
Miscellaneous
 G - a lightning rod (4/4)


   Skills:
 + Level 18.2 Fighting
 + Level 18.8 Long Blades
 + Level 18.7 Armour
 + Level 6.9 Dodging
 + Level 4.1 Stealth
 + Level 14.5 Shields
 + Level 4.2 Evocations


You had 15 spell levels left.
You didn't know any spells.
Your spell library was empty.

Dungeon Overview and Level Annotations

Branches:
Dungeon (15/15)            Temple (1/1) D:7            Lair (6/6) D:10
 Shoals (2/4) Lair:2        Snake (0/4) Lair:3        Slime (0/5) Lair:5
    Orc (2/2) D:10            Elf (0/3) Orc:2        Vaults (0/5) D:13
 Depths (0/4) D:15        Volcano (visited)

Altars:
Ashenzari
Cheibriados
Dithmenos
Elyvilon
Fedhas
Gozag
Hepliaklqana
Kikubaaqudgha
Makhleb
Nemelex Xobeh
Okawaru
Qazlal
Ru
Sif Muna
Trog
Uskayaw
Vehumet
Wu Jian
Xom
Yredelemnul
Zin
The Shining One
Jiyva
Lugonu

Shops:
D:11 [   D:14 :   Orc:2 *(:[*   Shoals:1 !   Shoals:2 ?   Shoals:3 (

Portals:
Abyss: Shoals:2

Annotations:
D:14 exclusion: ice statue
Lair:3 exclusion: 2 oklob plants
Shoals:2 1 runed translucent door


Innate Abilities, Weirdness & Mutations

You have a pair of horns on your head.
You reflexively headbutt those who attack you in melee.


Message History

Trog accepts your kill.
Your iron troll bites the manticore!
Your iron troll claws the manticore but does no damage.
Your iron troll claws the manticore!
The manticore flicks its tail.
The volley of spikes hits your iron troll but does no damage.
Something hits your iron troll but does no damage.
Your iron troll bites the manticore!
Your iron troll claws the manticore.
Your iron troll claws the manticore!
The manticore dies!
Trog accepts your kill.
Something barely misses your iron troll.
Found Line's Weapon Boutique.
The barbed spikes dig painfully into your body as you move.
* * * LOW HITPOINT WARNING * * *
Your skin crawls.
You feel strong-willed.
The merfolk hits your iron troll with a +0 trident!
Your iron troll bites the merfolk!!!
Your iron troll claws the merfolk!
Your iron troll barely misses the merfolk.
The barbed spikes dig painfully into your body as you move.
* * * LOW HITPOINT WARNING * * *
The merfolk throws a boomerang.
The boomerang hits your iron troll but does no damage.
Your iron troll barely misses the merfolk.
Your iron troll claws the merfolk!
The merfolk dies!
Trog accepts your kill.
As you read the scroll of teleportation, it crumbles to dust.
You feel strangely unstable.
You carefully extract the barbed spikes from your body.
Your surroundings suddenly seem different.
Splash!
You fall into the shallow water.
Moving in this stuff is going to be slow.
A water nymph and a wind drake come into view.
The water nymph shouts!
The wind drake hisses angrily.
You hear a shout!
The water nymph gestures at you while chanting.
The water swirls and strikes you!!
You die...

≈≈≈≈≈≈≈≈≈≈..#
≈≈≈≈≈≈≈≈≈≈..##.
≈≈≈≈≈≈≈≈≈≈≈≈...
≈≈≈≈≈≈≈≈≈≈≈≈≈..
≈≈≈≈≈≈≈≈≈≈≈≈≈≈≈
≈≈≈≈≈≈≈≈≈≈≈≈.≈≈
≈≈≈≈≈≈≈≈≈≈..#
≈≈≈≈≈≈≈@≈≈.#
≈≈≈≈≈≈≈≈≈.##
≈≈≈m≈≈≈≈.##
≈...≈≈≈≈.#
.###..≈..#
##.≈≈.# ##.k≈.
..≈≈≈


You could see a wind drake (repels missiles) and a water nymph.

Vanquished Creatures
  Jorgrun (D:11)
  Frances (Shoals:2)
  Gastronok (Orc:1)
  Donald (Shoals:1)
  A fenstrider witch (Shoals:1)
  4 slime creatures
  3 orc warlords
  A stone giant (D:15)
  Nessos (Lair:4)
  A red draconian (Volcano)
  Snorg (Orc:2)
  A merfolk impaler (Shoals:2)
  Fannar (D:10)
  5 hydras
  4 boulder beetles
  4 vault guards (D:13)
  Erolcha (Orc:2)
  An ogre mage (Volcano)
  A merfolk avatar (Shoals:1)
  3 catoblepae
  5 tengu warriors
  An alligator snapping turtle (Shoals:1)
  A centaur warrior (Shoals:2)
  13 two-headed ogres
  4 death yaks
  6 orc high priests
  A deep elf knight (Orc:1)
  Urug (D:10)
  Sonja (Lair:1)
  4 skeletal warriors (D:14)
  6 sea snakes
  3 deep elf zephyrmancers
  Pikel (D:4)
  2 orc knights (Orc:2)
  2 deep elf pyromancers (Orc:2)
  15 ugly things
  4 orc sorcerers
  2 oklob plants
  3 fauns (Shoals:1)
  21 elephants
  6 cyclopes
  11 manticores
  A guardian serpent (shapeshifter) (D:14)
  2 merfolk sirens (Shoals:1)
  5 black mambas
  An apocalypse crab (Shoals:2)
  4 water nymphs
  17 cane toads
  A torpor snail (Lair:5)
  A gargoyle (D:12)
  3 unseen horrors
  A rime drake (Lair:1)
  8 komodo dragons
  A freezing wraith (D:14)
  3 kobold demonologists
  A meliai (D:14)
  13 polar bears
  8 merfolk
  4 trolls
  8 hornets
  Prince Ribbit (D:6)
  6 wind drakes
  19 blink frogs
  Grinder (D:4)
  4 snapping turtles (Shoals:1)
  11 dream sheep
  A jumping spider (shapeshifter) (D:13)
  2 shadows (D:13)
  6 water elementals (Shoals:1)
  Sigmund (D:6)
  2 wyverns (D:9)
  14 spriggans (Lair:6)
  A vampire (D:13)
  5 wraiths
  A basilisk (Lair:5)
  48 yaks
  4 vampire mosquitoes (D:11)
  A death yak simulacrum (Lair:6)
  4 nagas (Lair:3)
  Menkaure (D:4)
  2 acid dragons
  A warg (Orc:2)
  20 water moccasins
  Duvessa (D:6)
  31 orc warriors
  4 black bears
  3 ice beasts (D:7)
  2 sky beasts
  A necrophage (D:3)
  23 wolves (Lair:6)
  An ogre (D:6)
  4 boggarts (Lair:6)
  6 centaurs
  A lemure (D:4)
  A phantom (D:5)
  Blork the orc (D:4)
  4 kobold brigands
  5 bullfrogs
  3 scorpions
  A wyvern zombie (D:8)
  A cane toad simulacrum (Lair:6)
  Dowan (D:6)
  2 wyvern skeletons
  5 killer bees (D:11)
  7 wights
  7 howler monkeys (D:12)
  2 electric eels (Lair:1)
  3 bullfrog zombies
  3 centaur zombies
  2 jellies
  A gnoll shaman (D:5)
  3 hounds
  26 orc priests
  2 centaur skeletons
  A bullfrog skeleton (D:5)
  Natasha (thrice) (D:3)
  An iguana (D:4)
  25 orc wizards
  2 polar bear simulacra (Lair:6)
  14 hell rats
  2 wolf simulacra (Lair:6)
  A killer bee zombie (D:8)
  A hound zombie (D:5)
  A hound skeleton (D:5)
  A howler monkey zombie (D:9)
  3 gnolls (D:5)
  7 adders
  2 shadow imps (D:7)
  A white imp (D:5)
  An adder zombie (D:5)
  3 worms
  A dart slug (D:1)
  57 orcs
  5 ball pythons
  5 bats
  An endoplasm (D:2)
  A giant cockroach (D:1)
  7 goblins
  A hobgoblin (D:1)
  2 jackals (D:4)
  28 kobolds
  5 quokkas
  3 frilled lizards
  4 rats
  A fungus (Lair:2)
  7 plants
742 creatures vanquished.

Vanquished Creatures (collateral kills)
  A satyr (Shoals:3)
  A manticore (Shoals:3)
  2 merfolk (Shoals:3)
  A wind drake (Shoals:3)
  2 meliai (D:14)
7 creatures vanquished.

Vanquished Creatures (others)
  A merfolk aquamancer (Shoals:1)
  A blink frog (Lair:5)
  An orc wizard (Orc:2)
  21 fungi
  76 plants
100 creatures vanquished.

Grand Total: 849 creatures vanquished

Notes
Turn   | Place    | Note
-------+----------+-------------------------------------------
     0 | D:1      | joakim the Minotaur Berserker began the quest for the Orb.
     0 | D:1      | Reached XP level 1. HP: 19/19 MP: 0/0
   392 | D:1      | Found a faded altar of an unknown god.
   488 | D:1      | Reached XP level 2. HP: 27/27 MP: 1/1
  1859 | D:2      | Found a shimmering altar of Xom.
  1894 | D:2      | Reached XP level 3. HP: 30/33 MP: 2/2
  2256 | D:2      | Reached XP level 4. HP: 11/41 MP: 3/3
  2778 | D:2      | Reached ** piety under Trog
  3115 | D:3      | Reached skill level 5 in Long Blades
  3396 | D:3      | Noticed Natasha
  3401 | D:3      | Killed Natasha
  3402 | D:3      | Reached XP level 5. HP: 45/47 MP: 4/4
  3533 | D:3      | Noticed Natasha
  3541 | D:3      | Killed Natasha
  3629 | D:3      | Noticed Natasha
  3636 | D:3      | Killed Natasha
  3660 | D:4      | Noticed a necrophage
  3661 | D:4      | Noticed a water moccasin
  3682 | D:3      | Killed a water moccasin
  3683 | D:3      | Reached skill level 5 in Fighting
  3683 | D:3      | Reached XP level 6. HP: 42/56 MP: 5/5
  3849 | D:4      | Found a shimmering blue altar of Sif Muna.
  4008 | D:4      | Noticed Blork the orc
  4023 | D:4      | Killed Blork the orc
  4353 | D:4      | Noticed Pikel
  4389 | D:4      | Killed Pikel
  4390 | D:4      | Reached skill level 5 in Armour
  4390 | D:4      | Reached skill level 1 in Stealth
  4390 | D:4      | Reached XP level 7. HP: 27/63 MP: 6/6
  4868 | D:4      | Noticed Grinder
  4884 | D:4      | Killed Grinder
  4885 | D:4      | Reached XP level 8. HP: 47/70 MP: 7/7
  5041 | D:4      | Noticed Menkaure
  5047 | D:4      | Killed Menkaure
  5244 | D:5      | Entered Level 5 of the Dungeon
  5324 | D:5      | Reached *** piety under Trog
  5595 | D:5      | Identified the +9 hunting sling "Lymuekk" {freeze, rF+ rC+
                  | MP+9}
  6740 | D:6      | Reached skill level 10 in Long Blades
  6740 | D:6      | Reached XP level 9. HP: 75/79 MP: 8/8
  7425 | D:6      | Noticed Prince Ribbit
  7439 | D:6      | Killed Prince Ribbit
  7523 | D:6      | Noticed Duvessa
  7524 | D:6      | Noticed Dowan
  7533 | D:6      | Killed Duvessa
  7544 | D:6      | Killed Dowan
  7856 | D:6      | Noticed Sigmund
  7863 | D:6      | Killed Sigmund
  8625 | D:7      | Found a staircase to the Ecumenical Temple.
  8674 | Temple   | Entered the Ecumenical Temple
  9779 | D:8      | Paralysed by a hornet for 1 turns
  9782 | D:8      | Paralysed by a hornet for 1 turns
  9788 | D:8      | Reached XP level 10. HP: 40/90 MP: 9/9
 10515 | D:8      | Reached skill level 10 in Armour
 11164 | D:8      | Noticed a boulder beetle
 11193 | D:8      | Killed a boulder beetle
 11829 | D:9      | Reached **** piety under Trog
 12502 | D:10     | Entered Level 10 of the Dungeon
 12503 | D:10     | Identified the +3 cloak of the Beggar {rF- Str+3 Dex+2}
 12523 | D:10     | Found the +10 zealot's sword {holy, *Rage rN+ EV+3}
 12546 | D:10     | Found a staircase to the Orcish Mines.
 12737 | D:10     | Reached skill level 5 in Dodging
 12805 | D:10     | Noticed a two-headed ogre
 12805 | D:10     | Noticed a tengu warrior
 12805 | D:10     | Noticed a tengu warrior
 12821 | D:10     | Killed a two-headed ogre
 12822 | D:10     | Reached skill level 10 in Fighting
 12822 | D:10     | Reached skill level 1 in Evocations
 12828 | D:10     | Killed a tengu warrior
 12829 | D:10     | Reached XP level 11. HP: 70/99 MP: 10/10
 12839 | D:10     | Killed a tengu warrior
 12992 | D:10     | Found a staircase to the Lair.
 13170 | D:10     | Noticed Fannar
 13184 | D:10     | Killed Fannar
 13185 | D:10     | Noticed Urug
 13667 | D:10     | Killed Urug
 13902 | D:11     | Noticed a boulder beetle
 13909 | D:10     | Killed a boulder beetle
 13910 | D:10     | Reached skill level 1 in Shields
 13939 | D:11     | Found Yvaurues's Armour Emporium.
 14116 | D:11     | Noticed a five-headed hydra
 14118 | D:11     | Noticed a two-headed ogre
 14126 | D:11     | Killed an 11-headed hydra
 14129 | D:11     | Killed a two-headed ogre
 14129 | D:11     | Reached ***** piety under Trog
 14278 | D:11     | Noticed a two-headed ogre
 14294 | D:11     | Killed a two-headed ogre
 14792 | D:12     | Noticed Jorgrun
 14808 | D:11     | Killed Jorgrun
 14809 | D:11     | Reached XP level 12. HP: 112/112 MP: 11/11
 14812 | D:12     | Noticed a two-headed ogre
 14820 | D:12     | Killed a two-headed ogre
 15073 | D:12     | Noticed a four-headed hydra
 15087 | D:12     | Killed a nine-headed hydra
 15844 | D:13     | Noticed a two-headed ogre
 15851 | D:13     | Killed a two-headed ogre
 15858 | D:13     | Received a gift from Trog
 15926 | D:13     | Found a gate to the Vaults.
 15926 | D:13     | Noticed a vault guard
 15926 | D:13     | Noticed a vault guard
 15926 | D:13     | Noticed a vault guard
 15926 | D:13     | Noticed a boulder beetle
 15926 | D:13     | Noticed a vault guard
 15926 | D:13     | Noticed a tengu warrior
 15940 | D:13     | Killed a tengu warrior
 15943 | D:13     | Killed a vault guard
 15944 | D:13     | Reached skill level 5 in Shields
 15950 | D:13     | Killed a vault guard
 15951 | D:13     | Reached skill level 15 in Long Blades
 15959 | D:13     | Killed a vault guard
 15964 | D:13     | Killed a vault guard
 15986 | D:13     | Killed a boulder beetle
 16222 | D:13     | Reached XP level 13. HP: 122/122 MP: 12/12
 16714 | D:14     | Found Jitotig's Book Boutique.
 17056 | D:13     | Reached skill level 15 in Armour
 18044 | D:15     | Entered Level 15 of the Dungeon
 18514 | D:15     | Found a staircase to the Depths.
 18514 | D:15     | Noticed a stone giant
 18843 | D:15     | Killed a stone giant
 19013 | Orc:1    | Entered Level 1 of the Orcish Mines
 19225 | Orc:1    | Found a dark tunnel.
 19235 | Volcano  | Entered a volcano
 19266 | Volcano  | Found a burning altar of Makhleb.
 19267 | Volcano  | Noticed a red draconian
 19326 | Volcano  | Killed a red draconian
 19327 | Volcano  | Reached XP level 14. HP: 133/133 MP: 13/13
 19377 | Volcano  | Reached skill level 15 in Fighting
 19520 | Orc:2    | Entered Level 2 of the Orcish Mines
 19578 | Orc:2    | Received a gift from Trog
 19615 | Orc:2    | Found Pefekat's General Store.
 19637 | Orc:2    | Noticed an orc warlord
 19674 | Orc:2    | Killed an orc warlord
 19905 | Orc:2    | Bought a scroll of brand weapon for 300 gold pieces
 19905 | Orc:2    | Bought a potion of curing for 45 gold pieces
 19905 | Orc:2    | Bought a potion of flight for 45 gold pieces
 20620 | Orc:2    | Found Jeigoep's Assorted Antiques.
 20620 | Orc:2    | Found Nerhet's Armour Emporium.
 20628 | Orc:2    | Found Fooll's Weapon Shoppe.
 20630 | Orc:2    | Found Alyffep's Book Shoppe.
 20632 | Orc:2    | Bought a scroll of teleportation for 72 gold pieces
 20820 | Orc:2    | Found a staircase to the Elven Halls.
 21017 | Orc:2    | Received a gift from Trog
 21393 | Orc:1    | Noticed Erolcha
 21398 | Orc:1    | Noticed Gastronok
 21410 | Orc:2    | Reached ****** piety under Trog
 21760 | Orc:2    | Killed Erolcha
 21825 | Orc:1    | Killed Gastronok
 21826 | Orc:1    | Reached skill level 10 in Shields
 22419 | Orc:1    | Noticed Snorg
 22432 | Orc:1    | Noticed an orc warlord
 22446 | Orc:2    | Killed Snorg
 22836 | Orc:2    | Killed an orc warlord
 23205 | Orc:1    | Noticed an orc warlord
 23221 | Orc:1    | Killed an orc warlord
 23436 | Lair:1   | Entered Level 1 of the Lair of Beasts
 23687 | Lair:1   | Noticed Sonja
 23699 | Lair:1   | Killed Sonja
 24118 | Lair:1   | Received a gift from Trog
 24280 | Lair:1   | Identified a scroll of acquirement
 24281 | Lair:1   | Acquired the amulet "Goatuc" {Regen+ Slay+3}
 24607 | Lair:2   | Found a blossoming altar of Fedhas.
 24816 | Lair:2   | Found a staircase to the Shoals.
 24893 | Lair:2   | Reached XP level 15. HP: 144/144 MP: 14/14
 25740 | Lair:3   | Found a staircase to the Snake Pit.
 26565 | Lair:4   | Noticed Nessos
 26571 | Lair:4   | Killed Nessos
 27177 | Lair:5   | Found a viscous altar of Jiyva.
 27177 | Lair:5   | Found a staircase to the Slime Pits.
 27271 | Lair:5   | Received a gift from Trog
 27786 | Lair:6   | Entered Level 6 of the Lair of Beasts
 28216 | Lair:6   | Paralysed by a hornet for 1 turns
 28392 | Lair:6   | Received a gift from Trog
 28763 | Lair:6   | Reached XP level 16. HP: 157/157 MP: 15/15
 28936 | Lair:6   | Received a gift from Trog
 29306 | Lair:1   | You fall into a shaft and drop 1 floor!
 29492 | Shoals:1 | Entered Level 1 of the Shoals
 29617 | Shoals:1 | Found Wuadat's Distillery.
 29652 | Shoals:1 | Bought a potion of curing for 39 gold pieces
 29652 | Shoals:1 | Bought a potion of curing for 39 gold pieces
 30470 | Shoals:2 | Found Veufij's Magic Scroll Emporium.
 30503 | Shoals:2 | Noticed Donald
 30517 | Shoals:1 | Killed Donald
 30781 | Shoals:2 | Bought a scroll of fear for 38 gold pieces
 30781 | Shoals:2 | Bought a scroll of blinking for 82 gold pieces
 30781 | Shoals:2 | Bought a scroll of enchant weapon for 82 gold pieces
 30789 | Shoals:2 | Identified the ring of Wihaegih {Ice Str+5 Int+2 Stlth+}
 30851 | Shoals:2 | Noticed Frances
 30868 | Shoals:2 | Killed Frances
 30930 | Shoals:2 | Found a runed translucent door.
 30936 | Shoals:2 | Found a corrupted altar of Lugonu.
 30936 | Shoals:2 | Found a one-way gate to the infinite horrors of the Abyss.
 31072 | Shoals:2 | You fall into a shaft and drop 1 floor!
 31103 | Shoals:3 | Found Line's Weapon Boutique.
 31108 | Shoals:3 | Killed from afar by a water nymph

Illustrated notes

Levels and vault maps discovered:
D:1:      dpeg_arrival_lava_temple_mockup, layout_basic, serial_bayou,
          serial_bayou_ford_a, serial_bayou_pond_d, serial_bayou_lagoon_b,
          serial_bayou_crossing, dreamdust_ecumenical_altar_grove
D:2:      layout_basic, basic_altar
D:3:      layout_rooms, uniq_natasha
D:4:      layout_cave_pods, nicolae_sif_muna_condensation, uniq_pikel,
          uniq_menkaure, uniq_blork_the_orc, uniq_grinder
D:5:      layout_loops_corners, minmay_joined_circles
D:6:      nicolae_cairo_tiling_large_dashed, layout_cave_pods,
          uniq_prince_ribbit1, uniq_sigmund, uniq_duvessa
D:7:      layout_rooms, minmay_temple_entry_butterflies
D:8:      layout_basic
D:9:      layout_gridville
D:10:     layout_roguey, david_lair_shrubbed, david_orc_2, uniq_urug,
          uniq_fannar
D:11:     layout_roguey, serial_shops, nicolae_take_the_stairs, st_stairs_9
D:12:     layout_basic, serial_glass, glass_columns_b, glass_columns_a,
          glass_columns_a, glass_columns_a, glass_columns_a, glass_columns_c,
          uniq_jorgrun
D:13:     layout_roguey, lightli_vaults_fourway_checkpoint, grunt_ministairs_9
D:14:     layout_irregular_city, serial_shops, shop_coins, corexii_corridor_pit,
          minivault_15
D:15:     grunt_enter_depths_snipers, layout_rooms, drop_trap,
          lemuel_nasty_fountain
Temple:   mainiacjoe_temple_circle_huts
Lair:1:   layout_regular_city, columned_hall_lemuel,
          chequers_serial_rivers_marsh, dpeg_stationary_puzzle,
          lemuel_fruit_fields, uniq_sonja
Lair:2:   hellmonk_ruined_rings, layout_cave_shapes, minmay_shoals_entry_beasts,
          tgw_fedhas
Lair:3:   dpeg_oklob_gauntlet, layout_cave_pods,
          minmay_snake_entry_guardpost_small, chequers_serial_rivers_micro_a,
          st_stairs_3
Lair:4:   layout_roguey, uniq_nessos
Lair:5:   layout_regular_city, dpeg_slime_entry_enclosed_altar,
          grunt_forest_small_clearings, lemuel_fruit_tree
Lair:6:   minmay_lair_end_enchanted_forest, layout_big_grid,
          portal_ice_cave_entry_ice_simulacra
Shoals:1: layout_shoals, serial_shops, shop,
          nicolae_shoals_beach_house_on_fowls_legs
Shoals:2: layout_shoals, serial_shops, nicolae_stop_n_shop_1,
          nicolae_shoals_abyss_on_the_beach, uniq_donald, uniq_frances
Shoals:3: layout_shoals, serial_shops, nicolae_diamond_shop,
          nicolae_island_escapes
Orc:1:    layout_caves, nicolae_volcano_entry_two_sided, elf_legates,
          uniq_snorg, uniq_erica, uniq_gastronok, uniq_erolcha
Orc:2:    st_orc_mages, layout_diamond_mine, serial_shops, shop_statue

Skill      XL: |  1  2  3  4  5  6  7  8  9 10 11 12 13 14 15 16 |
---------------+-------------------------------------------------+-----
Fighting       | 4 5 6 7 8 10 11 13 14 16 17 18 | 18.2
Long Blades    | 4 5 6 7 8 10 11 13 14 15 16 17 18 | 18.8
Armour         | 3 4 5 6 7 9 11 13 14 15 17 18 | 18.7
Dodging        | 3 4 5 6 |  6.9
Stealth        | 1 2 3 4 |  4.1
Evocations     | 1 2 3 4 |  4.2
Shields        | 3 6 8 10 12 14 | 14.5

Action                   |  1- 3 |  4- 6 |  7- 9 | 10-12 | 13-15 | 16-18 || total
-------------------------+-------+-------+-------+-------+-------+-------++-------
Melee: Falchion          |   106 |    71 |       |       |       |       ||   177
       Headbutt          |     8 |    17 |    47 |    70 |   247 |    88 ||   477
       Scimitar          |       |    28 |   299 |    93 |       |       ||   420
       Punch             |       |     1 |     3 |     1 |       |       ||     5
       Eudemon blade     |       |       |       |   257 |  1023 |   305 ||  1585
Invok: Berserk           |       |       |     4 |     1 |       |       ||     5
       Trog's Hand       |       |       |       |     1 |     1 |     1 ||     3
       Brothers in Arms  |       |       |       |       |       |     1 ||     1
Evoke: Wand              |       |       |     4 |     9 |    11 |    46 ||    70
  Use: Potion            |       |     2 |     1 |       |     3 |     7 ||    13
       Scroll            |       |       |    12 |     9 |    15 |     8 ||    44
 Stab: Petrified         |       |       |       |       |     2 |     2 ||     4
Armor: Animal skin       |    14 |       |       |       |       |       ||    14
       Scale mail        |     7 |    44 |    49 |       |       |       ||   100
       Plate armour      |       |       |    85 |   216 |   435 |   152 ||   888
       Ring mail         |       |       |    13 |       |       |       ||    13
Dodge: Dodged            |    62 |    53 |   131 |   164 |   416 |   101 ||   927
Block: Kite shield       |       |       |       |    75 |   635 |   190 ||   900
       Reflection        |       |       |       |     1 |       |       ||     1
